 Dungeon Crawl Stone Soup version 0.28-a0-1565-g95a8017c83 (webtiles) character file.

Game seed: 3968311309844444062

4900 esteth the Nimble (level 10, -1/59 HPs)
             Began as a Gnoll Wanderer on Jan 19, 2022.
             Was a Priest of Hepliaklqana.
             Killed by divine providence
             ... invoked by a meliai
              (15 damage)
             ... on level 8 of the Dungeon.
             The game lasted 00:21:47 (9315 turns).

esteth the Nimble (Gnoll Wanderer)                  Turns: 9315, Time: 00:21:47

Health: -1/59      AC: 10    Str: 14    XL:     10   Next: 51%
Magic:  18/23      EV: 15    Int: 15    God:    Hepliaklqana [***...]
Gold:   333        SH:  0    Dex: 12    Spells: 14/23 levels left

rFire   . . .      SeeInvis .   m - +0 halberd (freeze)
rCold   . . .      Faith    .   (shield currently unavailable)
rNeg    . . .      Spirit   .   e - +0 leather armour
rPois   .          Reflect  .   d - +0 helmet
rElec   .          Harm     .   z - +2 cloak
rCorr   .          Rampage  .   (no gloves)
Will    .....                   (no boots)
Stlth   +++.......              (no amulet)
HPRegen 0.19/turn               (no ring)
MPRegen 0.18/turn               (no ring)

@: no status effects
A: reduced essence, fangs 1, strong nose, distributed training, iridescent
scales 1, clever 1, frail 1, high mp 1
a: Renounce Religion, Recall Ancestor, Ancestor Identity, Transference


You were on level 8 of the Dungeon.
You worshipped Hepliaklqana.
Hepliaklqana was most pleased with you.
You visited 1 branch of the dungeon, and saw 8 of its levels.

You collected 333 gold pieces.

Inventory:

Hand Weapons
 a - a +0 shortbow
 h - a +0 club
 m - a +0 halberd of freezing (weapon)
Missiles
 c - 108 arrows
Armour
 d - a +0 helmet (worn)
 e - a +0 leather armour (worn)
 r - a +0 pair of gloves
 z - a +2 cloak (worn)
Jewellery
 k - an amulet of faith
Wands
 b - a wand of iceblast (3) (quivered)
 p - a wand of acid (10)
Scrolls
 g - a scroll of identify
 l - a scroll of blinking
 n - a scroll of fog {unknown}
 o - 2 scrolls of fear
 u - 2 scrolls of amnesia
 x - a scroll of brand weapon
Potions
 f - 2 potions of lignification
 i - a potion of invisibility {unknown}
 j - a potion of resistance {unknown}
 q - 2 potions of mutation
 t - 2 potions of attraction {unknown}
 v - a potion of ambrosia {unknown}
 A - 2 potions of degeneration {unknown}


   Skills:
 + Level 5.3 Fighting
 + Level 5.3 Short Blades
 + Level 5.3 Long Blades
 + Level 5.3 Axes
 + Level 5.3 Maces & Flails
 + Level 5.3 Polearms
 + Level 5.3 Staves
 + Level 5.3 Slings
 + Level 7.1 Bows
 + Level 5.3 Crossbows
 + Level 5.3 Throwing
 + Level 5.3 Armour
 + Level 10.1 Dodging
 + Level 5.3 Stealth
 + Level 5.3 Shields
 + Level 5.3 Unarmed Combat
 + Level 7.4 Spellcasting
 + Level 4.4 Conjurations
 + Level 4.4 Hexes
 + Level 4.4 Summonings
 + Level 4.4 Necromancy
 + Level 4.4 Translocations
 + Level 4.4 Transmutations
 + Level 4.4 Fire Magic
 + Level 4.4 Ice Magic
 + Level 4.4 Air Magic
 + Level 4.4 Earth Magic
 + Level 4.4 Poison Magic
 + Level 5.9 Invocations
 + Level 7.1 Evocations


You had 14 spell levels left.
You knew the following spells:

 Your Spells              Type           Power      Damage    Failure   Level
a - Mephitic Cloud        Conj/Pois/Air  18%        N/A       8%          3
b - Ignite Poison         Fire/Tmut/Pois 18%        N/A       8%          3
c - Frozen Ramparts       Ice            36%        1d5       8%          3

Your spell library contained the following spells:

 Spells                   Type           Power      Damage    Failure   Level
 Scorch                   Fire           36%        2d7       3%          2
 Dazzling Flash           Conj/Hex       36%        N/A       8%          3
 Summon Guardian Golem    Hex/Summ       18%        N/A       8%          3
 Flame Wave               Conj/Fire      18%        2d5       26%         4
 Ice Form                 Ice/Tmut       18%        N/A       26%         4
 Iskenderun's Mystic Bla  Conj/Tloc      18%        2d6       26%         4
 Summon Ice Beast         Ice/Summ       18%        N/A       26%         4
 Summon Lightning Spire   Summ/Air       18%        N/A       26%         4
 Freezing Cloud           Conj/Ice/Air   9%         6-21      56%         5
 Starburst                Conj/Fire      9%         6d5       98%         6
 Summon Cactus Giant      Summ           9%         N/A       98%         6
 Orb of Destruction       Conj           9%         9d6       100%        7
 Spellforged Servitor     Conj/Summ      9%         N/A       100%        7
 Storm Form               Tmut/Air       9%         N/A       100%        7
 Maxwell's Capacitive Co  Air            9%         ∞         100%        8


Dungeon Overview and Level Annotations

Branches:
Dungeon (8/15)             Temple (0/1) D:4
   Lair: D:8-11

Altars:
Hepliaklqana

Shops:
D:4 *

Portals:
Abyss: D:7

Annotations:
D:6 1 runed translucent door, Crazy Yiuf


Innate Abilities, Weirdness & Mutations

Your life essence is reduced to manifest your ancestor. (-10% HP)
You have very sharp teeth.
Your uncanny sense of smell can sniff out nearby items.
Your experience applies equally to all skills.
You are partially covered in iridescent scales. (AC +2)
Your mind is acute. (Int +2)
You are frail. (-10% HP)
You have an increased reservoir of magic. (+10% MP)


Message History

The stinking cloud engulfs the skeletal warrior but does no damage.
You hear an angry buzzing noise.
You hear a roar!
Casting: Mephitic Cloud (dangerous; 8% risk of failure)
Confirm with . or Enter, or press ? or * to list all spells.
You don't know that spell.
Casting: Mephitic Cloud (dangerous; 8% risk of failure)
Confirm with . or Enter, or press ? or * to list all spells.
You ignite the poison in your surroundings!
The skeletal warrior is engulfed in blazing flames.
Belessunu hits the skeletal warrior with a +0 flail!
The skeletal warrior completely misses you.
Belessunu blocks the skeletal warrior's attack.
Belessunu barely misses the skeletal warrior.
Belessunu completely misses the skeletal warrior.
The skeletal warrior closely misses you.
The skeletal warrior hits Belessunu with a +0 battleaxe!
Really walk into that cloud of flame?
You are engulfed in blazing flames.
Belessunu hits the skeletal warrior with a +0 flail!
The skeletal warrior hits Belessunu but does no damage.
A meliai comes into view. It is wielding a +0 hand axe of venom.
Belessunu hits the skeletal warrior but does no damage.
Really walk into that cloud of flame?
You are engulfed in blazing flames.
Belessunu barely misses the skeletal warrior.
The meliai closely misses you.
The meliai hits Belessunu but does no damage.
The meliai misses you.
The skeletal warrior hits you with a +0 battleaxe!
* * * LOW HITPOINT WARNING * * *
Belessunu blocks the skeletal warrior's attack.
You feel better.
The meliai hits you with a +0 hand axe of venom.
* * * LOW HITPOINT WARNING * * *
The meliai hits Belessunu with a +0 hand axe of venom.
The meliai stings you but does no damage.
Belessunu closely misses the meliai.
The meliai mumbles some strange prayers to its god against you.
Something smites you!
You die...

.... .... .....
#########...... #
#####.........♣ ... ...
...............♣ ... ...
####......R....♣ ♣.♣ .[..
#......zy♣♣♣.♣♣.♣ ♣♣...
#......#@.♣♣ .♣.♣ ♣♣....
#......#...♣♣♣♣.♣♣♣♣.....
########.#.....♣.........
#...♣♣♣♣.♣♣♣♣..... #..♣♣
♣.♣.♣♣♣.... #..♣♣
♣.♣♣.♣♣♣... #...
♣♣.♣♣♣)..... #...
♣...♣♣...... .#.
.#..♣.....(


You could see the friendly Belessunu the knight, a skeletal warrior and a meliai
(ally target).

Vanquished Creatures
  An ancient zyme (D:7)
  A small abomination (D:7)
  A water moccasin (D:7)
  An orc warrior (D:7)
  A necrophage (D:6)
  An ogre (D:6)
  A centaur (D:8)
  A phantom (D:6)
  2 wights (D:6)
  A killer bee (D:8)
  A centaur skeleton (D:5)
  3 hounds
  2 orc priests
  A gnoll shaman (D:7)
  3 iguanas
  An orc wizard (D:8)
  2 gnolls
  A shadow imp (D:5)
  An ufetubus (D:5)
  An adder skeleton (D:4)
  3 dart slugs
  7 orcs
  5 ball pythons
  6 endoplasms
  5 hobgoblins
  A jackal (D:1)
  5 kobolds
  2 quokkas
  2 bats
  3 frilled lizards
  5 goblins
  3 rats (D:1)
74 creatures vanquished.

Vanquished Creatures (collateral kills)
  The ghost of DrClinical the Magician, a novice DsVM (D:7)
  Pikel (D:5)
  A kobold demonologist (D:8)
  A slime creature (D:8)
  A shadow (D:6)
  Sigmund (D:6)
  Edmund (D:4)
  A black bear (D:7)
  2 sky beasts
  2 orc warriors
  A necrophage (D:5)
  5 scorpions
  3 killer bees (D:8)
  2 wights (D:6)
  2 hounds (D:5)
  A centaur zombie (D:8)
  2 jellies
  An orc priest (D:8)
  A bullfrog skeleton (D:6)
  3 iguanas (D:4)
  2 orc wizards
  2 killer bee zombies
  2 small abominations (D:7)
  6 gnolls
  5 adders
  A shadow imp (D:6)
  A white imp (D:5)
  2 ufetubi
  An adder skeleton (D:4)
  A dart slug (D:2)
  9 orcs
  3 endoplasms
  A goblin (D:1)
  3 hobgoblins
  A jackal (D:1)
  2 ball pythons
  A frilled lizard (D:3)
76 creatures vanquished.

Vanquished Creatures (others)
  A knight (D:6)
  2 ancestors (D:1)
3 creatures vanquished.

Grand Total: 153 creatures vanquished

Notes
Turn   | Place    | Note
-------+----------+-------------------------------------------
     0 | D:1      | esteth the Gnoll Wanderer began the quest for the Orb.
     0 | D:1      | esteth set off with the following items: a +0 shortbow, a
                  | wand of iceblast (3), 26 arrows, a +0 helmet, a +0 leather
                  | armour
     0 | D:1      | Reached XP level 1. HP: 13/13 MP: 6/6
    17 | D:1      | Prayed at the altar of an unknown god.
    17 | D:1      | Became a worshipper of Hepliaklqana the Forgotten
    17 | D:1      | Reached * piety under Hepliaklqana
   100 | D:1      | Reached XP level 2. HP: 17/17 MP: 7/7
   319 | D:1      | Reached XP level 3. HP: 22/22 MP: 9/9
   583 | D:1      | Reached skill level 5 in Spellcasting
  1208 | D:2      | Reached ** piety under Hepliaklqana
  1209 | D:2      | Remembered your ancestor Belessunu as a knight
  1310 | D:2      | Reached skill level 1 in Invocations
  1666 | D:3      | Reached skill level 1 in Fighting
  1666 | D:3      | Reached skill level 1 in Short Blades
  1666 | D:3      | Reached skill level 1 in Long Blades
  1666 | D:3      | Reached skill level 1 in Axes
  1666 | D:3      | Reached skill level 1 in Maces & Flails
  1666 | D:3      | Reached skill level 1 in Polearms
  1666 | D:3      | Reached skill level 1 in Staves
  1666 | D:3      | Reached skill level 1 in Slings
  1666 | D:3      | Reached skill level 1 in Crossbows
  1666 | D:3      | Reached skill level 1 in Throwing
  1666 | D:3      | Reached skill level 1 in Armour
  1666 | D:3      | Reached skill level 1 in Stealth
  1666 | D:3      | Reached skill level 1 in Shields
  1666 | D:3      | Reached skill level 1 in Unarmed Combat
  1680 | D:2      | Reached XP level 4. HP: 16/28 MP: 11/11
  2062 | D:3      | Reached skill level 1 in Conjurations
  2062 | D:3      | Reached skill level 1 in Hexes
  2062 | D:3      | Reached skill level 1 in Summonings
  2062 | D:3      | Reached skill level 1 in Necromancy
  2062 | D:3      | Reached skill level 1 in Translocations
  2062 | D:3      | Reached skill level 1 in Transmutations
  2062 | D:3      | Reached skill level 1 in Fire Magic
  2062 | D:3      | Reached skill level 1 in Ice Magic
  2062 | D:3      | Reached skill level 1 in Air Magic
  2062 | D:3      | Reached skill level 1 in Earth Magic
  2062 | D:3      | Reached skill level 1 in Poison Magic
  2267 | D:3      | Noticed a sky beast
  2271 | D:3      | Killed a sky beast
  2272 | D:3      | Reached XP level 5. HP: 33/33 MP: 12/12
  2931 | D:4      | Reached XP level 6. HP: 22/39 MP: 13/13
  3298 | D:4      | Found Diffusme's Assorted Antiques.
  3331 | D:4      | Reached skill level 5 in Bows
  3331 | D:4      | Reached skill level 5 in Evocations
  3394 | D:4      | Noticed Edmund
  3412 | D:4      | Killed Edmund
  3413 | D:4      | Reached XP level 7. HP: 45/45 MP: 15/15
  3430 | D:4      | Reached *** piety under Hepliaklqana
  3685 | D:4      | Found a staircase to the Ecumenical Temple.
  3989 | D:5      | Entered Level 5 of the Dungeon
  4332 | D:5      | Reached skill level 9 in Dodging
  4742 | D:5      | Reached XP level 8. HP: 41/51 MP: 16/16
  5494 | D:5      | Noticed Pikel
  5510 | D:5      | Killed Pikel
  5948 | D:6      | Noticed a shadow
  5957 | D:6      | Killed a shadow
  5958 | D:6      | Reached XP level 9. HP: 32/58 MP: 18/18
  6103 | D:6      | Noticed Sigmund
  6109 | D:6      | Killed Sigmund
  6879 | D:6      | Found a runed translucent door.
  6880 | D:6      | Noticed Crazy Yiuf
  7295 | D:7      | Reached **** piety under Hepliaklqana
  7332 | D:7      | Learned a level 3 spell: Mephitic Cloud
  7336 | D:7      | Learned a level 3 spell: Ignite Poison
  7340 | D:7      | Learned a level 3 spell: Frozen Ramparts
  7466 | D:7      | Found a one-way gate to the infinite horrors of the Abyss.
  7466 | D:7      | Noticed DrClinical's ghost (novice DsVM)
  7483 | D:7      | Found a transporter.
  7490 | D:7      | Noticed an ancient zyme
  7559 | D:7      | Reached skill level 5 in Invocations
  7745 | D:7      | Found a transporter.
  8399 | D:7      | Killed DrClinical's ghost
  8400 | D:7      | Reached skill level 5 in Fighting
  8400 | D:7      | Reached skill level 5 in Short Blades
  8400 | D:7      | Reached skill level 5 in Long Blades
  8400 | D:7      | Reached skill level 5 in Axes
  8400 | D:7      | Reached skill level 5 in Maces & Flails
  8400 | D:7      | Reached skill level 5 in Polearms
  8400 | D:7      | Reached skill level 5 in Staves
  8400 | D:7      | Reached skill level 5 in Slings
  8400 | D:7      | Reached skill level 5 in Crossbows
  8400 | D:7      | Reached skill level 5 in Throwing
  8400 | D:7      | Reached skill level 5 in Armour
  8400 | D:7      | Reached skill level 5 in Stealth
  8400 | D:7      | Reached skill level 5 in Shields
  8400 | D:7      | Reached skill level 5 in Unarmed Combat
  8400 | D:7      | Reached XP level 10. HP: 32/66 MP: 14/20
  8430 | D:7      | Reached skill level 10 in Dodging
  8974 | D:8      | Noticed a kobold demonologist
  8984 | D:8      | Killed a kobold demonologist
  8993 | D:8      | Gained mutation: You have an increased reservoir of magic.
                  | (+10% MP) [potion of mutation]
  8993 | D:8      | Gained mutation: Your mind is acute. (Int +2) [potion of
                  | mutation]
  8993 | D:8      | Gained mutation: You are frail. (-10% HP) [potion of
                  | mutation]
  8993 | D:8      | Gained mutation: You are partially covered in iridescent
                  | scales. (AC +2) [potion of mutation]
  8993 | D:8      | HP: 2/59 [killer bee (5)]
  9300 | D:8      | Noticed a skeletal warrior
  9315 | D:8      | Killed from afar by a meliai

Illustrated notes

Levels and vault maps discovered:
D:1:      dpeg_arrival_rooms_with_view, layout_basic,
          ebering_ecumenical_altar_mist
D:2:      layout_loops_cross
D:3:      layout_loops_cross
D:4:      layout_basic, minmay_temple_entry_statues_pillars, serial_shops,
          nicolae_shop_behind_doors, minmay_between, uniq_edmund
D:5:      layout_basic, nicolae_ossuary_entry_monument, uniq_pikel
D:6:      layout_basic, uniq_sigmund, uniq_crazy_yiuf_cottage
D:7:      layout_gridville, gammafunk_ghost_abyssal_escape
D:8:      layout_basic, minmay_shop_enchanted_jewellery, kb_rosetta

Skill      XL: |  1  2  3  4  5  6  7  8  9 10 |
---------------+-------------------------------+-----
Spellcasting   | 5 6 7 |  7.4
Invocations    | 1 2 3 4 5 |  5.9
Fighting       | 1 2 3 5 |  5.3
Short Blades   | 1 2 3 5 |  5.3
Long Blades    | 1 2 3 5 |  5.3
Axes           | 1 2 3 5 |  5.3
Maces & Flails | 1 2 3 5 |  5.3
Polearms       | 1 2 3 5 |  5.3
Staves         | 1 2 3 5 |  5.3
Slings         | 1 2 3 5 |  5.3
Crossbows      | 1 2 3 5 |  5.3
Throwing       | 1 2 3 5 |  5.3
Armour         | 1 2 3 5 |  5.3
Stealth        | 1 2 3 5 |  5.3
Shields        | 1 2 3 5 |  5.3
Unarmed Combat | 1 2 3 5 |  5.3
Conjurations   | 1 2 3 4 |  4.4
Hexes          | 1 2 3 4 |  4.4
Summonings     | 1 2 3 4 |  4.4
Necromancy     | 1 2 3 4 |  4.4
Translocations | 1 2 3 4 |  4.4
Transmutations | 1 2 3 4 |  4.4
Fire Magic     | 1 2 3 4 |  4.4
Ice Magic      | 1 2 3 4 |  4.4
Air Magic      | 1 2 3 4 |  4.4
Earth Magic    | 1 2 3 4 |  4.4
Poison Magic   | 1 2 3 4 |  4.4
Bows           | 5 6 7 |  7.1
Evocations     | 5 6 7 |  7.1
Dodging        | 9 10 | 10.1

Action                   |  1- 3 |  4- 6 |  7- 9 | 10-12 || total
-------------------------+-------+-------+-------+-------++-------
Melee: Club              |    35 |     3 |       |       ||    38
       Bite              |     4 |     5 |    13 |     2 ||    24
       Punch             |     2 |       |       |       ||     2
       Halberd           |       |    56 |   187 |    34 ||   277
 Fire: Shortbow          |    63 |     7 |       |       ||    70
 Cast: Frozen Ramparts   |       |       |     2 |     3 ||     5
       Mephitic Cloud    |       |       |       |     1 ||     1
       Ignite Poison     |       |       |       |     1 ||     1
Invok: Ancestor Life: Kn |     1 |       |       |       ||     1
       Idealise          |       |       |     1 |       ||     1
  Use: Potion            |     2 |       |     2 |     3 ||     7
       Scroll            |       |       |     9 |       ||     9
 Stab: Sleeping          |     1 |     4 |     6 |       ||    11
       Distracted        |       |       |     4 |     1 ||     5
Armor: Leather armour    |     7 |     7 |    39 |    15 ||    68
       Skin              |     4 |       |       |       ||     4
Dodge: Dodged            |    36 |    32 |   121 |    42 ||   231

Table legend: (Time is in decaauts)
 A = Elapsed time spent in this place.
 B = Non-inter-level travel time spent in this place.
 C = Inter-level travel time spent in this place.
 D = Time resting spent in this place.
 E = Time spent auto-exploring this place.
 F = Levels seen in this place.
 G = Mean time per level.
                   A        B        C        D        E       F      G
               +--------+--------+--------+--------+--------+-----+--------+
         Total |   9433 |   9218 |    215 |   1458 |   6491 |   8 | 1179.1 |
       Dungeon |   9433 |   9218 |    215 |   1458 |   6491 |   8 | 1179.1 |
               +--------+--------+--------+--------+--------+-----+--------+

Top non-repeatable levels by time:
     D:7: 1822 daAuts
     D:5: 1821 daAuts
     D:6: 1220 daAuts
     D:4: 1149 daAuts
     D:1: 1079 daAuts
     D:3: 1002 daAuts
     D:2: 806 daAuts
     D:8: 530 daAuts
